[Event "Titled Tuesday Blitz May 9 Late 2023"]
[White "angelgab3"]
[Black "Bryakin, Mikhail"]
[BlackFideId "4165314"]
[WhiteElo "2526"]
[BlackElo "2467"]
[Result "1-0"]
[Round "04"]
[TimeControl "180+2"]
[Date "2023.05.09"]
[WhiteClock "0:00:19"]
[BlackClock "0:00:07"]

1. e4 f6 2. d4 g6 3. Nc3 Bg7 4. Nf3 e6 5. a4 Ne7 6. Be2 a5 7. O-O b6 8. d5 d6 9. dxe6 Bxe6 10. Be3 O-O 11. Nd4 Bf7 12. Qd2 Nbc6 13. Ncb5 Nxd4 14. Nxd4 Qd7 15. Rfd1 Rad8 16. Qc3 f5 17. Bb5 Qc8 18. exf5 Nxf5 19. Nxf5 gxf5 20. Bd4 Bxd4 21. Rxd4 c5 22. Rd3 d5 23. Rg3+ Bg6 24. h4 d4 25. Qf3 f4 26. Rg5 Kh8 27. Re1 Rf5 28. Re5 Rxg5 29. Rxg5 Rf8 30. Bd3 Bxd3 31. Qxd3 Qe6 32. Kh2 Qh6 33. Qh3 Qf6 34. Qg4 c4 35. Rd5 Rg8 36. Qh5 Rf8 37. Rd7 h6 38. Kg1 c3 39. bxc3 dxc3 40. Qd5 f3 41. Qd3 Rf7 42. Rxf7 Qxf7 43. Qxf3 Qc4 44. Qf8+ Kh7 45. Qe7+ Kg6 46. Qd6+ Kf5 47. Qxb6 Qxa4 48. Qc5+ Ke6 49. Qxc3 Qa2 50. Qb3+ Qxb3 51. cxb3 h5 52. f3 Ke5 53. Kf2 Kd4 54. g4 Kc3 55. gxh5 Kxb3 56. h6 a4 57. h7 Ka2 58. h8=Q a3 59. Qa8 Kb3 60. Qxa3+ Kxa3 61. h5 1-0


[Site "https://www.chess.com"]

[Event "Titled Tuesday Blitz May 9 Late 2023"]
[White "Klukin, Kirill"]
[Black "Grinev, Valeriy"]
[WhiteFideId "24199273"]
[BlackFideId "14117517"]
[WhiteElo "2344"]
[BlackElo "2366"]
[Result "1-0"]
[Round "04"]
[TimeControl "180+2"]
[Date "2023.05.09"]
[WhiteClock "0:00:22"]
[BlackClock "0:00:35"]

1. Nc3 c5 2. e4 Nc6 3. g3 g6 4. Bg2 Bg7 5. Nge2 Nf6 6. O-O O-O 7. d3 d6 8. h3 Bd7 9. Be3 Re8 10. f4 a6 11. a4 Rb8 12. g4 Qc8 13. Ng3 h6 14. Qf3 Nd4 15. Qf2 Bxg4 16. e5 Bxh3 17. Bxd4 cxd4 18. exf6 Bxg2 19. Qxg2 Bxf6 20. Nce4 Bg7 21. f5 d5 22. fxg6 fxg6 23. Nf2 Qc6 24. Rae1 e5 25. Ng4 Rbd8 26. Nh5 Re6 27. Ngf6+ Rxf6 28. Rxf6 Bxf6 29. Qxg6+ Kh8 30. Qxh6+ Kg8 31. Qg6+ Kh8 32. Nxf6 Qc7 33. Kg2 Qxc2+ 34. Kg3 Qxd3+ 35. Qxd3 e4 36. Qxd4 Kg7 37. Ng4+ Kg8 38. Rh1 Kf7 39. Qf6+ Ke8 40. Rh8+ Kd7 41. Rxd8+ Kc7 42. Qd6# 1-0


[Site "https://www.chess.com"]

[Event "Titled Tuesday Blitz May 9 Late 2023"]
[White "Radzhabov, Rodion"]
[Black "Ezat, Mohamed"]
[WhiteFideId "884715"]
[BlackFideId "10600906"]
[WhiteElo "2215"]
[BlackElo "2386"]
[Result "0-1"]
[Round "04"]
[TimeControl "180+2"]
[Date "2023.05.09"]
[WhiteClock "0:00:08"]
[BlackClock "0:00:41"]

1. e4 c6 2. Nc3 d5 3. Qe2 dxe4 4. Nxe4 Bf5 5. d3 e6 6. g4 Bg6 7. f4 Bxe4 8. dxe4 e5 9. f5 Bc5 10. Nf3 Nd7 11. Bd2 Ngf6 12. g5 Ng4 13. O-O-O Nf2 14. Bg2 Nxh1 15. Bxh1 Qb6 16. Bc3 O-O-O 17. a4 Bb4 18. Bxe5 Nxe5 19. Nxe5 Rxd1+ 20. Qxd1 Rd8 21. Nd3 c5 22. Qg4 c4 23. f6+ Kb8 24. Nxb4 Qxb4 25. c3 Qxa4 26. fxg7 Qa1+ 27. Kc2 Qxh1 28. Qf4+ Ka8 29. Qd6 Qxe4+ 30. Kc1 Qe3+ 31. Kc2 Qd3+ 32. Qxd3 cxd3+ 33. Kd2 0-1


[Site "https://www.chess.com"]

[Event "Titled Tuesday Blitz May 9 Late 2023"]
[White "Gonzalez, Francisco Silva"]
[Black "Vakhlamov, Igor L."]
[WhiteFideId "1512285"]
[BlackFideId "24126748"]
[WhiteElo "2074"]
[BlackElo "2407"]
[Result "0-1"]
[Round "04"]
[TimeControl "180+2"]
[Date "2023.05.09"]
[WhiteClock "0:00:00"]
[BlackClock "0:00:56"]

1. d4 d5 2. c4 e6 3. Nc3 c5 4. cxd5 cxd4 5. Qa4+ Bd7 6. Qxd4 exd5 7. Qxd5 Nf6 8. Qb3 Na6 9. Nf3 Nc5 10. Qd1 Nce4 11. Nxe4 Nxe4 12. Qd4 Qa5+ 13. Bd2 Nxd2 14. Nxd2 Rd8 15. a3 Be6 16. Qf4 Bd6 17. Qe3 Bc5 18. Qf4 g5 19. b4 Qb6 20. Qg3 Bxf2+ 21. Qxf2 Qxf2+ 22. Kxf2 Rxd2 23. Ke3 Rb2 24. g3 Bd5 25. Rg1 O-O 26. Kd4 Rd8 27. Ke5 Rd2 28. h4 h6 29. hxg5 hxg5 30. Kf5 Rd4 31. Kxg5 Be6 32. g4 Kg7 33. e4 Rxe4 34. Kh4 Rh8+ 35. Kg3 Rxg4+ 36. Kf2 Rh2+ 37. Rg2 Rgxg2+ 38. Bxg2 Bd5 39. Ke3 Rxg2 40. Kd4 Be6 41. a4 Rc2 42. Rb1 Kf6 43. a5 Ke7 44. Ke5 Rc4 45. Rf1 Rxb4 46. a6 f6+ 47. Rxf6 Rb5+ 48. Kd4 Kxf6 49. axb7 Rxb7 0-1


[Site "https://www.chess.com"]

[Event "Titled Tuesday Blitz May 9 Late 2023"]
[White "Prohaszka, Peter"]
[Black "Grycel, Kamil"]
[WhiteFideId "726265"]
[BlackFideId "1115499"]
[WhiteElo "2626"]
[BlackElo "2520"]
[Result "1-0"]
[Round "04"]
[TimeControl "180+2"]
[Date "2023.05.09"]
[WhiteClock "0:00:06"]
[BlackClock "0:00:01"]

1. d4 d6 2. Nf3 Bg4 3. c4 c6 4. g3 Nf6 5. Bg2 e6 6. Qb3 Qb6 7. Nc3 d5 8. c5 Qc7 9. Bf4 Qc8 10. a4 Nbd7 11. a5 a6 12. Na4 Be7 13. Ne5 Bf5 14. O-O O-O 15. Rfc1 Bd8 16. Nb6 Nxb6 17. cxb6 Rb8 18. Nxc6 bxc6 19. Bxb8 Qxb8 20. Rxc6 Ne4 21. Qb4 Bf6 22. Rac1 e5 23. Bxe4 dxe4 24. d5 e3 25. f3 e4 26. fxe4 Bh3 27. b7 Be5 28. d6 h5 29. Qc5 f6 30. Qd5+ Kh7 31. Rc7 h4 32. Qc6 hxg3 33. hxg3 Bxg3 34. Rc8 Bxc8 35. bxc8=Q Rxc8 36. Qxc8 Qxb2 37. Qh3+ Kg6 38. Qxg3+ Kf7 39. Rc7+ Ke6 40. Qxe3 Qb1+ 41. Kg2 Qa1 42. Rc3 Qxa5 43. Rd3 Qe5 44. d7 1-0


[Site "https://www.chess.com"]

[Event "Titled Tuesday Blitz May 9 Late 2023"]
[White "Ronka, Erik"]
[Black "Goltsev, Dmitry"]
[WhiteFideId "505080"]
[BlackFideId "24176710"]
[WhiteElo "2264"]
[BlackElo "2356"]
[Result "0-1"]
[Round "04"]
[TimeControl "180+2"]
[Date "2023.05.09"]
[WhiteClock "0:00:12"]
[BlackClock "0:01:36"]

1. e4 e6 2. Nf3 d5 3. d3 dxe4 4. dxe4 Qxd1+ 5. Kxd1 Nf6 6. Nfd2 Ng4 7. Ke1 Bc5 8. h3 Nxf2 9. Rh2 f5 10. g3 Nxe4 11. Nxe4 fxe4 12. Nc3 O-O 13. Nxe4 Bb6 14. Bf4 Bd7 15. Bc4 Nc6 16. Rd1 Nd4 17. Rf2 Bc6 18. Ng5 h6 19. Be3 Rxf2 20. Bxf2 Nxc2+ 21. Kf1 Bxf2 22. Nxe6 Ne3+ 23. Kxf2 Nxd1+ 24. Ke1 0-1


[Site "https://www.chess.com"]

[Event "Titled Tuesday Blitz May 9 Late 2023"]
[White "Bambino Filho, Antonio Carlos"]
[Black "Harshavardhan G B"]
[WhiteFideId "2113163"]
[BlackFideId "25059009"]
[WhiteElo "2513"]
[BlackElo "2323"]
[Result "0-1"]
[Round "04"]
[TimeControl "180+2"]
[Date "2023.05.09"]
[WhiteClock "0:01:49"]
[BlackClock "0:02:00"]

1. d4 Nf6 2. c4 g6 3. Nc3 Bg7 4. e4 d6 5. Nf3 O-O 6. Be2 Nbd7 7. h3 e5 8. d5 a5 9. Be3 Nh5 10. Qd2 f5 11. exf5 gxf5 12. Bg5 Nhf6 13. Nh4 Nc5 14. f4 Qe8 15. O-O Nfe4 16. Nxe4 Nxe4 17. Qc2 h6 18. fxe5 hxg5 19. e6 gxh4 20. Bd3 Bd4+ 21. Kh1 Ng3+ 22. Kh2 Qh5 23. Rf4 Be5 24. Qf2 Qg5 0-1


[Site "https://www.chess.com"]

[Event "Titled Tuesday Blitz May 9 Late 2023"]
[White "Timmermans, Mark"]
[Black "Dragomirescu, Robin-Alexandru"]
[WhiteFideId "1026399"]
[BlackFideId "1213849"]
[WhiteElo "2460"]
[BlackElo "2356"]
[Result "1-0"]
[Round "04"]
[TimeControl "180+2"]
[Date "2023.05.09"]
[WhiteClock "0:01:07"]
[BlackClock "0:00:43"]

1. e4 Nc6 2. Nf3 f5 3. exf5 d5 4. d4 Bxf5 5. Bd3 Bg4 6. h3 Bxf3 7. Qxf3 Nf6 8. c3 e5 9. Qe2 Bd6 10. dxe5 Nxe5 11. f4 O-O 12. fxe5 Bxe5 13. O-O Qd6 14. Bg5 Rae8 15. Qd1 Qb6+ 16. Kh1 Qxb2 17. Nd2 Qxc3 18. Bb5 c6 19. Rc1 Qg3 20. Nf3 cxb5 21. Bxf6 Bxf6 22. Qxd5+ Kh8 23. Rce1 Qc7 24. Qxb5 a6 25. Qxe8 1-0


[Site "https://www.chess.com"]

[Event "Titled Tuesday Blitz May 9 Late 2023"]
[White "Moore, Nicholas"]
[Black "Lavrik, Dmitry"]
[WhiteFideId "4303709"]
[BlackFideId "24113190"]
[WhiteElo "2505"]
[BlackElo "2345"]
[Result "0-1"]
[Round "04"]
[TimeControl "180+2"]
[Date "2023.05.09"]
[WhiteClock "0:00:03"]
[BlackClock "0:00:35"]

1. d4 Nf6 2. c4 g6 3. Nc3 d5 4. Nf3 Bg7 5. Qb3 dxc4 6. Qxc4 O-O 7. e4 a6 8. e5 Nfd7 9. e6 fxe6 10. Be3 Nb6 11. Qb3 Nd5 12. h4 Nc6 13. Rd1 Qd6 14. h5 Nxe3 15. fxe3 Qg3+ 16. Ke2 gxh5 17. Rxh5 Kh8 18. Qc2 h6 19. Ne4 Qg6 20. Rh4 e5 21. d5 Nb4 22. Qc4 a5 23. a3 Na6 24. Kf2 Bf5 25. Bd3 Rad8 26. Kg1 e6 27. dxe6 Bxe6 28. Qc2 Bf5 29. Rh2 Rxd3 30. Qxd3 Nc5 31. Nxc5 Bxd3 32. Nxd3 e4 33. Nh4 Qg4 34. Nf2 Rxf2 35. Rd8+ Rf8 36. Rxf8+ Bxf8 37. Rh3 Bd6 38. Nf3 exf3 39. Rxh6+ Kg7 0-1


[Site "https://www.chess.com"]

[Event "Titled Tuesday Blitz May 9 Late 2023"]
[White "Bitoon, Richard"]
[Black "cristianserban1"]
[WhiteFideId "5201110"]
[WhiteElo "2374"]
[BlackElo "2504"]
[Result "1-0"]
[Round "04"]
[TimeControl "180+2"]
[Date "2023.05.09"]
[WhiteClock "0:00:27"]
[BlackClock "0:00:00"]

1. e4 g6 2. d4 Bg7 3. Nc3 a6 4. Bc4 b5 5. Bb3 e6 6. Be3 Bb7 7. Nf3 b4 8. Na4 Bxe4 9. Nc5 Bc6 10. d5 exd5 11. Bxd5 Ne7 12. Bd4 O-O 13. Bxg7 Kxg7 14. Qd4+ Kg8 15. Bb3 Nf5 16. Qxb4 Qe7+ 17. Kd1 Re8 18. Kc1 a5 19. Qc3 a4 20. Bc4 Bxf3 21. gxf3 Qg5+ 22. Kb1 Nd6 23. Bd3 Qg2 24. Re1 Qxf2 25. Rxe8+ Nxe8 26. a3 d5 27. Ka2 Qh4 28. Re1 Nf6 29. Re7 Ra7 30. Re2 Nbd7 31. Nxd7 Nxd7 32. Re8+ Nf8 33. Qc5 1-0


[Site "https://www.chess.com"]

[Event "Titled Tuesday Blitz May 9 Late 2023"]
[White "WindWhistler11"]
[Black "Nazari, Arad"]
[BlackFideId "12577324"]
[WhiteElo "2513"]
[BlackElo "2175"]
[Result "0-1"]
[Round "04"]
[TimeControl "180+2"]
[Date "2023.05.09"]
[WhiteClock "0:00:27"]
[BlackClock "0:00:04"]

1. Nf3 c5 2. d3 g6 3. Nbd2 Bg7 4. g3 d6 5. Bg2 e5 6. O-O Ne7 7. c4 O-O 8. a3 Nbc6 9. Rb1 a5 10. Ne1 Rb8 11. Nc2 Be6 12. b4 axb4 13. axb4 b6 14. b5 Nd4 15. e3 Nxc2 16. Qxc2 d5 17. cxd5 Nxd5 18. Ba3 h5 19. Nc4 h4 20. Rfd1 hxg3 21. hxg3 Qg5 22. Nd6 Rfd8 23. Ne4 Qh5 24. Nc3 Nxc3 25. Qxc3 e4 26. Qc2 Bg4 27. Rd2 exd3 28. Rxd3 Bf5 29. e4 Bh3 30. Rbd1 Rd4 31. Bb2 Bxg2 32. Kxg2 Rxe4 33. Bxg7 Kxg7 34. Rd7 Rbe8 35. R1d6 Rh8 36. Qc3+ Rd4 37. Qe1 Qh3+ 38. Kf3 Qf5+ 39. Kg2 Qh3+ 40. Kf3 Qf5+ 41. Kg2 Qxd7 42. Rxd7 Rxd7 43. Qe5+ f6 44. Qe6 Rb7 45. Qc6 Rhb8 46. g4 g5 47. Kf3 Re7 48. Qd6 Rbb7 49. Kg3 Red7 50. Qc6 Rdc7 51. Qd6 c4 52. Qd2 c3 53. Qc2 Rc5 54. f4 Rd7 55. fxg5 fxg5 56. Qg2 c2 57. Qd2 Rxd2 58. Kf3 Rd4 59. Ke3 Rb4 60. Kf3 Rc3+ 61. Ke2 Rb2 62. Kd2 c1=Q# 0-1


[Site "https://www.chess.com"]

[Event "Titled Tuesday Blitz May 9 Late 2023"]
[White "Bolourchifard, Farzad"]
[Black "Bilan, Danila"]
[WhiteFideId "12510084"]
[BlackFideId "24161918"]
[WhiteElo "2317"]
[BlackElo "2182"]
[Result "0-1"]
[Round "04"]
[TimeControl "180+2"]
[Date "2023.05.09"]
[WhiteClock "0:00:05"]
[BlackClock "0:00:04"]

1. d4 d5 2. Nf3 Nf6 3. c4 c6 4. Bg5 Ne4 5. Bf4 Qb6 6. Qc2 e6 7. c5 Qa5+ 8. Nc3 b6 9. cxb6 axb6 10. Nd2 Nxc3 11. bxc3 Ba6 12. e3 Bxf1 13. Nxf1 Ba3 14. Bxb8 Rxb8 15. Nd2 O-O 16. O-O c5 17. Rab1 c4 18. e4 g6 19. Rfe1 Rfe8 20. Nf3 Bd6 21. g3 b5 22. Kg2 b4 23. e5 Bf8 24. cxb4 Bxb4 25. Red1 Be7 26. h4 Ra8 27. Rb7 Qxa2 28. Qc1 Bf8 29. Qf4 Re7 30. Rdb1 Qc2 31. Rxe7 Bxe7 32. Rb7 Re8 33. Rxe7 Rxe7 34. Qh6 Qe4 35. g4 Qxg4+ 36. Kf1 Qxf3 37. Qg5 Re8 38. h5 Ra8 39. Qc1 Qh1+ 40. Ke2 Qxc1 41. Kf3 Ra3+ 42. Kg4 Qc2 43. f3 Qf5+ 44. Kg3 Rxf3+ 45. Kh4 Rf4+ 0-1


[Site "https://www.chess.com"]

[Event "Titled Tuesday Blitz May 9 Late 2023"]
[White "Santos Flores, Alberto"]
[Black "Bjelobrk, Igor"]
[WhiteFideId "3601234"]
[BlackFideId "4300726"]
[WhiteElo "2235"]
[BlackElo "2319"]
[Result "1/2-1/2"]
[Round "04"]
[TimeControl "180+2"]
[Date "2023.05.09"]
[WhiteClock "0:00:09"]
[BlackClock "0:00:23"]

1. d4 e6 2. Nf3 c5 3. c3 d5 4. Bf4 Bd6 5. Bg3 Ne7 6. e3 Nbc6 7. Nbd2 b6 8. Bd3 Bb7 9. Qe2 h6 10. Ne5 Qc7 11. f4 Nf5 12. Bf2 Be7 13. g4 Nd6 14. O-O O-O-O 15. a4 Kb8 16. Bb5 Nxe5 17. fxe5 Nxb5 18. axb5 h5 19. gxh5 g6 20. hxg6 Rdg8 21. Bg3 Rxg6 22. Rxf7 Qd8 23. Raf1 Bc8 24. Qf3 Qe8 25. Rf2 Bd8 26. Rf8 Rxf8 27. Qxf8 Qd7 28. Qd6+ Bc7 29. Qxd7 Bxd7 30. Rf7 Bxb5 31. Kf2 Bd3 32. Rf6 Bd8 33. Rxg6 Bxg6 34. Nf3 Kc8 35. Bh4 Bc7 36. Be7 Kd7 37. Bf8 c4 38. h4 b5 39. Kg3 Bh5 40. Kf4 Bd8 41. Ng5 a5 42. Bg7 Be7 43. Bf6 Bf8 44. Nf3 Bh6+ 45. Bg5 Bf8 46. Bf6 Bh6+ 47. Bg5 Bf8 48. Bf6 1/2-1/2


[Site "https://www.chess.com"]

[Event "Titled Tuesday Blitz May 9 Late 2023"]
[White "Tifferet, Shaked"]
[Black "Kucuksari, Kaan"]
[WhiteFideId "2811529"]
[BlackFideId "6380166"]
[WhiteElo "2142"]
[BlackElo "2364"]
[Result "0-1"]
[Round "04"]
[TimeControl "180+2"]
[Date "2023.05.09"]
[WhiteClock "0:00:00"]
[BlackClock "0:01:11"]

1. d4 f5 2. Nf3 Nf6 3. Bf4 e6 4. e3 b6 5. h3 Bb7 6. Nbd2 Be7 7. Bd3 O-O 8. c3 Ne4 9. Qc2 Nxd2 10. Nxd2 Bxg2 11. Rg1 Bb7 12. O-O-O c5 13. dxc5 bxc5 14. e4 fxe4 15. Bxe4 Bxe4 16. Qxe4 Nc6 17. Bh6 Bf6 18. Nf3 Kh8 19. Bg5 Rb8 20. Rg4 Bxg5+ 21. Nxg5 Rf5 22. f4 Qe8 23. Rd2 Ne7 24. Nf3 Nd5 25. Nh4 Nf6 26. Qe2 Nxg4 27. Nxf5 exf5 28. Qxe8+ Rxe8 29. hxg4 fxg4 30. Rxd7 h5 31. Rd5 g6 32. f5 Kg7 33. Kd2 g3 34. Rd7+ Kf6 35. fxg6 g2 36. Rf7+ Kxg6 0-1


[Site "https://www.chess.com"]

[Event "Titled Tuesday Blitz May 9 Late 2023"]
[White "Simonian, Hrair"]
[Black "Rodriguez Fontecha, Marcos"]
[WhiteFideId "13302337"]
[BlackFideId "2256576"]
[WhiteElo "2447"]
[BlackElo "2249"]
[Result "0-1"]
[Round "04"]
[TimeControl "180+2"]
[Date "2023.05.09"]
[WhiteClock "0:00:00"]
[BlackClock "0:00:11"]

1. e4 e6 2. d4 c5 3. Nf3 a6 4. d5 exd5 5. exd5 d6 6. c4 Nf6 7. Nc3 Be7 8. Bd3 O-O 9. O-O Bg4 10. h3 Bh5 11. Bf4 Nbd7 12. Bc2 Re8 13. Re1 Nf8 14. Qd3 Bg6 15. Qd2 Bxc2 16. Qxc2 Ng6 17. Bg3 Qd7 18. a4 Bf8 19. h4 Qg4 20. b3 Nh5 21. Nh2 Qd7 22. Qd3 Rxe1+ 23. Rxe1 Re8 24. Rxe8 Qxe8 25. Ne4 Nxg3 26. fxg3 Qe5 27. Nf3 Qa1+ 28. Kh2 h6 29. Ned2 Ne5 30. Qe4 Nd7 31. Qe8 Nf6 32. Qc8 h5 33. g4 hxg4 34. Qxb7 gxf3 35. Nxf3 a5 36. Ng5 Qe5+ 37. g3 Qe2+ 38. Kg1 Qe7 39. Qxe7 Bxe7 40. Kg2 Ng4 41. Ne4 f5 42. Nc3 Ne3+ 43. Kf3 Nc2 44. Kf4 g6 45. g4 fxg4 46. Kxg4 Nd4 47. h5 Kf7 48. hxg6+ Kxg6 49. Kf4 Nxb3 50. Kf3 Nd2+ 51. Ke2 Nxc4 52. Kd3 Nb6 53. Ke4 Bf6 54. Nb5 Nxa4 55. Nxd6 Nc3+ 56. Kd3 Nxd5 57. Kc4 a4 0-1


[Site "https://www.chess.com"]

[Event "Titled Tuesday Blitz May 9 Late 2023"]
[White "Wadsworth, Matthew J"]
[Black "Mihajlov, Sebastian"]
[WhiteFideId "415804"]
[BlackFideId "1512110"]
[WhiteElo "2347"]
[BlackElo "2478"]
[Result "0-1"]
[Round "04"]
[TimeControl "180+2"]
[Date "2023.05.09"]
[WhiteClock "0:00:11"]
[BlackClock "0:01:21"]

1. Nf3 Nf6 2. d4 g6 3. Bf4 Bg7 4. e3 O-O 5. Nbd2 d5 6. Bd3 c5 7. c3 Nc6 8. h3 Nd7 9. O-O e5 10. dxe5 Ndxe5 11. Nxe5 Nxe5 12. Bc2 Be6 13. Nf3 Nc6 14. Qe2 Qb6 15. Rab1 d4 16. exd4 cxd4 17. cxd4 Bxa2 18. Rbd1 Qxb2 19. d5 Nb4 20. Rd2 Nxd5 21. Bxg6 Nxf4 22. Bxh7+ Kh8 23. Rxb2 Nxe2+ 24. Rxe2 Bc4 0-1


[Site "https://www.chess.com"]

[Event "Titled Tuesday Blitz May 9 Late 2023"]
[White "Annaberdiyev, Meylis"]
[Black "OPQRC"]
[WhiteFideId "14000563"]
[WhiteElo "2416"]
[BlackElo "2479"]
[Result "1-0"]
[Round "04"]
[TimeControl "180+2"]
[Date "2023.05.09"]
[WhiteClock "0:00:14"]
[BlackClock "0:00:01"]

1. e4 c5 2. Nc3 e6 3. Nf3 Nc6 4. Bb5 Nd4 5. O-O a6 6. Bd3 Nc6 7. b3 g5 8. Bb2 Bg7 9. Qc1 g4 10. Ne1 Nd4 11. Ne2 Ne7 12. c3 Nxe2+ 13. Bxe2 h5 14. d4 b6 15. dxc5 bxc5 16. c4 e5 17. Qg5 Ng6 18. Qxd8+ Kxd8 19. Nd3 d6 20. Rad1 Ke7 21. b4 cxb4 22. Nxb4 Bb7 23. f4 Bxe4 24. f5 Nf4 25. Rxf4 exf4 26. Bxg7 Rhg8 27. f6+ Ke6 28. Re1 Kf5 29. Nd5 Bxd5 30. Bd3+ Kg5 31. cxd5 Rae8 32. Re7 f3 33. gxf3 gxf3 34. Kf2 Kf4 35. h4 Kg4 36. Bh7 Rxe7 37. fxe7 Re8 38. Bf8 f5 39. Bg6 Rxe7 40. Bxe7 Kf4 41. Bxh5 Ke5 42. Bxf3 1-0


[Site "https://www.chess.com"]

[Event "Titled Tuesday Blitz May 9 Late 2023"]
[White "DubiousM0ves532"]
[Black "Lewicki, Miroslaw"]
[BlackFideId "1113380"]
[WhiteElo "2464"]
[BlackElo "2212"]
[Result "0-1"]
[Round "04"]
[TimeControl "180+2"]
[Date "2023.05.09"]
[WhiteClock "0:00:00"]
[BlackClock "0:00:44"]

1. Nf3 Nf6 2. c4 c5 3. g3 g6 4. Bg2 Bg7 5. O-O O-O 6. Nc3 Nc6 7. d4 cxd4 8. Nxd4 Nxd4 9. Qxd4 d6 10. b3 Ne4 11. Qxe4 Bxc3 12. Bh6 Bxa1 13. Bxf8 Bf6 14. Bh6 Qa5 15. Qe3 Qxa2 16. Bg5 Bxg5 17. Qxg5 Qxe2 18. Qa5 Qe5 19. Qd8+ Kg7 20. h4 h5 21. Rc1 a5 22. Kh2 Qe2 23. Kg1 Qe6 24. Bd5 Qd7 25. Qb6 Ra6 26. Qd4+ e5 27. Qe3 Qe7 28. Ra1 Qc7 29. Qd2 Qc5 30. Bg2 Qb4 31. Qb2 Rb6 32. Qe2 Qxb3 33. Rxa5 Qc3 34. c5 Rb1+ 0-1


[Site "https://www.chess.com"]

[Event "Titled Tuesday Blitz May 9 Late 2023"]
[White "Rosen, Eric"]
[Black "Liu, Casper"]
[WhiteFideId "2032562"]
[BlackFideId "1454153"]
[WhiteElo "2331"]
[BlackElo "2221"]
[Result "1-0"]
[Round "04"]
[TimeControl "180+2"]
[Date "2023.05.09"]
[WhiteClock "0:00:19"]
[BlackClock "0:00:13"]

1. d4 c5 2. dxc5 e6 3. Nc3 Bxc5 4. Ne4 Be7 5. Nd6+ Bxd6 6. Qxd6 Nc6 7. e4 Nge7 8. Nf3 O-O 9. Be2 Ng6 10. O-O Qe7 11. Qxe7 Ncxe7 12. h4 Nc6 13. Rd1 f5 14. exf5 Rxf5 15. c4 Nce5 16. Bg5 h6 17. Bd8 b6 18. Nxe5 Nxe5 19. Bc7 Bb7 20. Bf1 Bc6 21. b4 d5 22. Rac1 Raf8 23. Bxe5 Rxe5 24. f3 Rh5 25. Rd4 e5 26. Rg4 Bd7 27. Rg3 d4 28. c5 Be6 29. cxb6 axb6 30. Rc6 Bxa2 31. Rxb6 Rxh4 32. Rb7 Rf7 33. Rb8+ Rf8 34. Rb7 g5 35. Re7 d3 36. Bxd3 Rd8 37. Be4 Rd1+ 38. Kf2 Rhh1 39. Rh3 Rxh3 40. gxh3 Rd2+ 41. Kg3 Rb2 42. Rb7 Be6 43. b5 h5 44. h4 g4 45. b6 Rb3 46. Rb8+ Kg7 47. b7 gxf3 48. Re8 f2+ 49. Kxf2 Rb2+ 50. Ke3 Rb3+ 51. Kd2 Rb2+ 52. Kc1 Rb3 53. b8=Q Rxb8 54. Rxb8 Kf6 55. Rb6 Ke7 56. Kd2 Kf6 57. Ke3 Ke7 58. Rb7+ Kf6 59. Ra7 Bf7 60. Ra6+ Be6 61. Bd5 Kf5 62. Bxe6+ Kf6 63. Bh3+ Ke7 64. Ke4 Kf7 65. Kxe5 Kg7 66. Kf5 Kh7 67. Kg5 Kg7 68. Kxh5 Kf7 69. Bf1 Ke7 70. Kg4 Kd7 71. Kg3 Kc7 72. Kf2 Kb7 73. Ke3 Kc7 74. Kf3 Kd7 75. h5 Ke7 76. h6 Kf7 77. Kf4 Ke7 78. Kf5 Kd7 79. h7 Kc7 80. h8=Q Kb7 81. Qh7+ Kb8 82. Rg6 1-0


[Site "https://www.chess.com"]

[Event "Titled Tuesday Blitz May 9 Late 2023"]
[White "benny_aizenberg"]
[Black "Fernandez Lopez, Ruben"]
[BlackFideId "24518298"]
[WhiteElo "2638"]
[BlackElo "2240"]
[Result "1-0"]
[Round "04"]
[TimeControl "180+2"]
[Date "2023.05.09"]
[WhiteClock "0:00:15"]
[BlackClock "0:01:45"]

1. f4 e5 2. fxe5 d6 3. Nf3 dxe5 4. e4 Nc6 5. Bc4 Bc5 6. Nc3 Bg4 7. d3 Nf6 8. h3 Bxf3 9. Qxf3 Nd4 10. Qd1 O-O 11. Bg5 h6 12. Bh4 c6 13. Qd2 Nxe4 14. Bxd8 Nxd2 15. Kxd2 Raxd8 16. Rae1 Bd6 17. Rhf1 b5 18. Bb3 Nxb3+ 19. axb3 f6 20. Ne4 Bb4+ 21. c3 Ba5 22. Nc5 Kf7 23. Nb7 Bb6 24. Nxd8+ Rxd8 25. Rxe5 Rd7 26. Re4 a6 27. b4 a5 28. bxa5 Bxa5 29. d4 g6 30. Kd3 f5 31. Re5 Bc7 32. Rc5 Rd6 33. Ra1 Bb6 34. Re5 c5 35. d5 c4+ 36. Kc2 f4 37. Ra6 g5 38. Re6 Rxd5 39. Raxb6 h5 40. Rbd6 Rf5 41. Re2 g4 42. hxg4 hxg4 43. Rd4 Kf6 44. Rf2 Kg5 45. Kd2 Rf6 46. Rd5+ Kh4 47. Ke2 Kg3 48. Kf1 Rh6 49. Kg1 Re6 50. Rd1 Re3 51. Rdf1 Re4 52. Rd2 Re3 53. Ra1 Re5 54. Rf2 Rd5 55. Re1 Rd3 56. Ref1 f3 57. gxf3 gxf3 58. Re1 Rd5 59. Re3 Rf5 60. Kf1 Rf4 61. Rg2+ Kh3 62. Rg8 Kh4 63. Kf2 Rf5 64. Rxf3 Rd5 65. Ke3 Rd3+ 66. Kf4 Kh5 67. Rxd3 cxd3 68. Rd8 Kg6 69. Rxd3 Kf6 70. Rd5 Ke6 71. Rxb5 Kd6 72. c4 Kc6 73. b4 Kc7 74. Rd5 Kc6 75. Ke5 Kb6 76. Kd4 Kc7 77. c5 Kc6 78. Kc4 Kb7 79. Rd6 Kc7 80. b5 Kb7 81. Rd7+ Kc8 82. c6 Kb8 83. b6 Kc8 84. Kb5 Kb8 85. Rd8# 1-0


[Site "https://www.chess.com"]

[Event "Titled Tuesday Blitz May 9 Late 2023"]
[White "Mazurkiewicz, Michal"]
[Black "Schnaider, Ilan"]
[WhiteFideId "1124943"]
[BlackFideId "169013"]
[WhiteElo "2054"]
[BlackElo "2224"]
[Result "1-0"]
[Round "04"]
[TimeControl "180+2"]
[Date "2023.05.09"]
[WhiteClock "0:01:51"]
[BlackClock "0:00:22"]

1. e4 e5 2. Nf3 Nc6 3. Bb5 a6 4. Bxc6 dxc6 5. O-O Bd6 6. d4 exd4 7. Qxd4 f6 8. Nbd2 Bg4 9. e5 Bxf3 10. exd6 Bd5 11. Re1+ Kf7 12. c4 Be6 13. Ne4 b6 14. Bf4 c5 15. Qe3 Bd7 16. dxc7 Qe7 17. Nd6+ Kf8 18. Qf3 Ra7 19. c8=Q+ Bxc8 20. Nxc8 Qd8 21. Nxa7 Ne7 22. Rad1 Qe8 23. Bd6 Kf7 24. Rxe7+ Qxe7 25. Bxe7 Kxe7 26. Nc6+ Kf7 27. Rd7+ Ke6 28. Qd5# 1-0


[Site "https://www.chess.com"]

[Event "Titled Tuesday Blitz May 9 Late 2023"]
[White "Hjartarson, Johann"]
[Black "Ryan, Joseph"]
[WhiteFideId "2300044"]
[BlackFideId "2500426"]
[WhiteElo "2407"]
[BlackElo "2445"]
[Result "1-0"]
[Round "04"]
[TimeControl "180+2"]
[Date "2023.05.09"]
[WhiteClock "0:00:19"]
[BlackClock "0:01:07"]

1. e4 e5 2. Nf3 Nc6 3. Bb5 a6 4. Ba4 Nf6 5. O-O Be7 6. Re1 b5 7. Bb3 O-O 8. h3 Bb7 9. d3 d5 10. exd5 Nxd5 11. Nxe5 Nxe5 12. Rxe5 Bf6 13. Re1 Qd7 14. Nd2 c5 15. Ne4 Be7 16. c3 Rfe8 17. a4 Bf8 18. axb5 axb5 19. Rxa8 Bxa8 20. Bd2 h6 21. Bxh6 f5 22. Bc1 fxe4 23. dxe4 c4 24. Bc2 Nf6 25. Qxd7 Nxd7 26. f3 Ne5 27. Rd1 Be7 28. Be3 Rd8 29. Rxd8+ Bxd8 30. Kf2 Bc6 31. Ke2 Nd7 32. Bd4 Bf6 33. Ke3 Kf7 34. f4 Ke6 35. g3 g6 36. e5 Be7 37. Bxg6 Nc5 38. f5+ Kd7 39. e6+ Kd6 40. f6 Nxe6 41. fxe7 Kxe7 42. h4 Be8 43. Bxe8 Kxe8 44. Ke4 Kf7 45. Kd5 Nf8 46. Kc6 Ke6 47. Kxb5 Kd5 48. h5 Ne6 49. h6 Ng5 50. g4 Nh7 51. Be3 Nf8 52. g5 Ng6 53. h7 Nh8 54. Bd4 Ng6 55. h8=Q Nxh8 56. Bxh8 1-0


[Site "https://www.chess.com"]